 Dungeon Crawl Stone Soup version 0.25.0-15-gac7dcb8 (webtiles) character file.

Game seed: 792988889255082699

72 sieger the Grasshopper (level 4, -1/29 HPs)
             Began as a Halfling Warper on June 29, 2020.
             Succumbed to a worker ant's poison
             ... on level 2 of the Dungeon.
             The game lasted 00:06:08 (1774 turns).

sieger the Grasshopper (Halfling Warper)            Turns: 1774, Time: 00:06:08

Health: -1/29      AC:  5    Str: 13    XL:     4   Next: 48%
Magic:  6/6        EV: 15    Int: 11    God:
Gold:   109        SH:  0    Dex: 13    Spells: 6/6 levels left

rFire    . . .     SeeInvis .   a - +0 spear
rCold    . . .     Gourm    .   (shield restricted)
rNeg     . . .     Faith    .   b - +0 leather armour
rPois    .         Spirit   .   (no helmet)
rElec    .         Reflect  .   j - +0 cloak
rCorr    .         Harm     .   (no gloves)
MR       .....                  r - +0 pair of boots
Stlth    +.........             (no amulet)
HPRegen  0.09/turn              (no ring)
MPRegen  0.10/turn              (no ring)

@: lethally poisoned (-1 -> -22)
A: small, mutation resistance 1
a: no special abilities


You were on level 2 of the Dungeon.
You were not hungry.

You visited 1 branch of the dungeon, and saw 2 of its levels.

You collected 109 gold pieces.

Inventory:

Hand Weapons
 a - a +0 spear (weapon)
 k - a +0 hunting sling
Missiles
 e - 5 boomerangs of dispersal
 l - 7 curare-tipped darts
 m - 37 stones (quivered)
Armour
 b - a +0 leather armour (worn)
 j - a +0 cloak (worn)
 r - a +0 pair of boots (worn)
Jewellery
 c - a +6 ring of strength {unknown}
 t - an uncursed amulet of the acrobat {unknown}
Scrolls
 d - 2 scrolls of blinking
 g - a scroll of magic mapping {unknown}
 h - 2 scrolls of identify {unknown}
 p - a scroll of remove curse {unknown}
Potions
 i - a potion of mutation {unknown}
 n - a potion of heal wounds {unknown}
 o - a potion of brilliance {unknown}
 q - a potion of degeneration {unknown}
 s - a potion of stabbing {unknown}
Comestibles
 f - 2 rations


   Skills:
 + Level 1.9 Fighting
 + Level 3.0 Polearms
 + Level 1.2 Throwing
 + Level 1.7 Armour
 + Level 2.8 Dodging
 + Level 0.3 Stealth
 + Level 1.8 Spellcasting
   Level 3.2 Translocations


You had 6 spell levels left.
You didn't know any spells.
Your spell library contained the following spells:

 Spells                   Type           Power        Failure   Level  Hunger
 Blink                    Tloc           N/A          16%         2    ###....
 Shroud of Golubria       Chrm/Tloc      #.....       28%         2    ###....
 Gell's Gravitas          Tloc           #.........   30%         3    ####...
 Lesser Beckoning         Tloc           #.........   30%         3    ####...
 Teleport Other           Tloc           #.......     30%         3    ####...
 Passage of Golubria      Tloc           N/A          69%         4    #####..


Dungeon Overview and Level Annotations

Branches:
Dungeon (2/15)

Altars:


Innate Abilities, Weirdness & Mutations

You are small and have problems with some larger weapons.
You are somewhat resistant to further mutation.


Message History

You are more poisoned.
The worker ant poisons you!
You barely miss the worker ant.
The worker ant is heavily wounded.
* * * LOW HITPOINT WARNING * * *
You feel sick. The worker ant bites you.
* * * LOW HITPOINT WARNING * * *
You are more poisoned.
The worker ant poisons you!
You hit the worker ant.
The worker ant is heavily wounded.
* * * LOW HITPOINT WARNING * * *
You feel sick. The worker ant misses you.
You hit the worker ant.
The worker ant is severely wounded.
* * * LOW HITPOINT WARNING * * *
You feel sick. The worker ant closely misses you.
You closely miss the worker ant.
The worker ant is severely wounded.
You die...

#......###
#####....#
##.#.##
#..#..##
...###..#
#.## ##.# #.
#.# .
###.###(####
#
#..@a.(....#
#.####.....#
#.. ....#
...# ....
#### ..# .#
#


You could see a worker ant.

Vanquished Creatures
  4 adders
  2 dart slugs (D:1)
  A leopard gecko (D:1)
  A ball python (D:1)
  2 goblins (D:1)
  6 hobgoblins (D:1)
  5 bats
  5 frilled lizards
  9 rats (D:1)
35 creatures vanquished.

Notes
Turn   | Place    | Note
-------+----------+-------------------------------------------
     0 | D:1      | sieger the Halfling Warper began the quest for the Orb.
     0 | D:1      | Reached XP level 1. HP: 14/14 MP: 3/3
   155 | D:1      | Reached XP level 2. HP: 16/19 MP: 4/4
   545 | D:1      | Reached XP level 3. HP: 17/24 MP: 5/5
  1451 | D:1      | Reached XP level 4. HP: 21/29 MP: 6/6
  1773 | D:2      | HP: 1/29 [poisoned by a worker ant]
  1774 | D:2      | Succumbed to a worker ant's poison

Illustrated notes

Levels and vault maps discovered:
D:1:      dpeg_arrival_ratfight, layout_basic
D:2:      layout_rooms

Skill      XL: |  1  2  3  4 |
---------------+-------------+-----
Polearms       | 2 3 |  3.0
Fighting       | |  1.9
Throwing       | |  1.2
Armour         | |  1.7
Dodging        | |  2.8
Stealth        | |  0.3
Spellcasting   | |  1.8
Translocations | |  3.2

Action                   |  1- 3 |  4- 6 || total
-------------------------+-------+-------++-------
Melee: Spear             |   102 |    45 ||   147
Throw: Stone             |    17 |     2 ||    19
  Eat: Chunk             |     1 |     2 ||     3
Armor: Leather armour    |    14 |    11 ||    25
Dodge: Dodged            |    59 |    29 ||    88
